 Dungeon Crawl Stone Soup version 0.29-a0-459-g97dee8cd24 (webtiles) character file.

Game seed: 13950554259162103955

30 spiderkeys the Skirmisher (level 3, 0/40 HPs)
             Began as an Ogre Abyssal Knight on May 20, 2022.
             Was a Believer of Lugonu.
             Slain by an orc
             ... wielding a +0 club
              (4 damage)
             ... on level 3 of the Dungeon.
             The game lasted 00:02:45 (1422 turns).

spiderkeys the Skirmisher (Ogre Abyssal Knight)     Turns: 1422, Time: 00:02:46

Health: 0/40       AC:  4    Str: 15 (17) XL:     3   Next: 20%
Magic:  5/5        EV: 10    Int: 12 (13) God:    Lugonu [**....]
Gold:   141        SH:  0    Dex:  7 (9)  Spells: 2/2 levels left

rFire   . . .      SeeInvis .   a - +2 spear
rCold   . . .      Faith    .   (no shield)
rNeg    . . .      Spirit   .   b - +1 robe
rPois   .          Reflect  .   (helmet restricted)
rElec   .          Harm     .   (no cloak)
rCorr   .          Rampage  .   (gloves unavailable)
Will    .....                   (boots unavailable)
Stlth   +.........              (no amulet)
HPRegen 0.13/turn               (no ring)
MPRegen 0.09/turn               (no ring)

@: attractive
A: large, unfitting armour, tough skin 1
a: Renounce Religion, Depart the Abyss, Bend Space


You were on level 3 of the Dungeon.
You worshipped Lugonu.
Lugonu was pleased with you.
You visited 1 branch of the dungeon, and saw 3 of its levels.
You visited the Abyss 1 time.

You collected 141 gold pieces.


Innate Abilities, Weirdness & Mutations

You are too large for most types of armour.
You have tough skin. (AC +1)


   Skills:
 + Level 4.6 Fighting
 - Level 2.0 Polearms
 + Level 2.6 Dodging
 + Level 2.7 Invocations


You had 2 spell levels left.
You didn't know any spells.
Your spell library was empty.

Inventory:

Hand Weapons
 a - a +2 spear (weapon)
 d - a +2 mace of holy wrath
   (You found it on level 1 of the Dungeon)
Missiles
 e - 141 stones
Armour
 b - a +1 robe (worn)
Magical Staves
 c - a staff of conjuration {!a}
   (You found it on level 2 of the Dungeon)
Jewellery
 A - an amulet of the acrobat
   (You took it off a hobgoblin on level 2 of the Dungeon)
Potions
 j - a potion of brilliance

Dungeon Overview and Level Annotations

Branches:
Dungeon (3/15)

Altars:

Annotations:
D:2 Sigmund

.# #.#. ...#.#. #
#.#.#. # #..... #
####...##############
#
..........o..oo.....#
#
###.#.o#######.###.#
# #oo# #..##.####
#o@# ##.##.##.. +...#
#..#.##.. ###.#
...###.#.##.. #..
.........##..
###.....##.#..##..
..... ##.#o.####
......+.........
.....?##o#..####
......##.#..# .


You could see an orc priest and 3 orcs.


Message History

No target in view!
No target in view!
Things that are here:
a +0 club; a goblin corpse
There is an open door here.
You now have 128 gold pieces (gained 4).
Key pressed, stopping explore.
You now have 141 gold pieces (gained 13).
An orc priest and 2 orcs come into view.
The orc shouts! x2
An orc comes into view. It is wielding a +0 club.
The orc priest moves out of view.
The orc shouts!
The orc priest mumbles some strange prayers to Beogh against you.
Pain shoots through your body! 😮 HP[-12]
You take 12 damage, and now have 28/40 hp.
MASSIVE DAMAGE!! (PAUSE)
The orc attacks as you move away! The orc barely misses you.
The orc priest invokes the aid of Beogh against you.
Pain shoots through your body! 😮 HP[-7]
You take 7 damage, and now have 21/40 hp.
The orc attacks as you move away! The orc hits you with a +0 club.
* * * LOW HITPOINT WARNING * * *
😨 HP[-1]
You take 1 damage, and now have 20/40 hp.
The orc attacks as you move away! The orc hits you with a +0 club.
* * * LOW HITPOINT WARNING * * *
😨 HP[-2]
You take 2 damage, and now have 18/40 hp.
Unknown command.
The orc attacks as you move away! The orc barely misses you.
The orc attacks as you move away! The orc barely misses you.
The orc attacks as you move away!
The orc hits you but does no damage. 😨 HP[+1]
The orc attacks as you move away! The orc barely misses you.
The orc priest calls down the wrath of Beogh upon you.
Beogh smites you!
* * * LOW HITPOINT WARNING * * *
😨 HP[-8]
You take 8 damage, and now have 11/40 hp.
The orc priest looks braver for a moment.
The orc attacks as you move away! The orc hits you with a +0 club.
* * * LOW HITPOINT WARNING * * *
The orc priest looks braver for a moment. 😱 HP[-1]
You take 1 damage, and now have 10/40 hp. 😨 HP[+1]
The orc attacks as you move away! The orc hits you but does no damage.
The orc attacks as you move away! The orc hits you but does no damage.
The orc priest calls down the wrath of Beogh upon you.
Beogh smites you!
* * * LOW HITPOINT WARNING * * *
😱 HP[-10]
You take 10 damage, and now have 1/40 hp.
MASSIVE DAMAGE!! (PAUSE) It was a potion of curing.
You feel better. The orc barely misses you. 😨 HP[+10]
You regained 10 hp, and now have 11/40 hp. 😨 HP[+1]
The orc attacks as you move away! The orc hits you with a +0 club.
* * * LOW HITPOINT WARNING * * *
😱 HP[-4]
You take 4 damage, and now have 8/40 hp.
The orc attacks as you move away! The orc hits you with a +0 club.
* * * LOW HITPOINT WARNING * * *
😱 HP[-2]
You take 2 damage, and now have 6/40 hp.
The orc attacks as you move away! The orc hits you but does no damage.
The orc attacks as you move away! The orc hits you with a +0 club.
* * * LOW HITPOINT WARNING * * *
😱 HP[-3]
You take 3 damage, and now have 3/40 hp.
You feel better.
The orc hits you but does no damage. 😨 HP[+11]
You regained 11 hp, and now have 14/40 hp.
It was a potion of degeneration.
There was something very wrong with that liquid.
You feel weakened.
You feel dopey.
You feel clumsy.
The orc hits you but does no damage. 😨 HP[+1] It was a potion of attraction.
You feel attractive to monsters. The orc hits you with a +0 hand axe.
* * * LOW HITPOINT WARNING * * *
The orc hits you with a +0 club.
* * * LOW HITPOINT WARNING * * *
The orc priest is attracted toward you. 😱 HP[-8]
You take 8 damage, and now have 7/40 hp.
You barely miss the orc. The orc closely misses you.
You hit the orc. The orc hits you but does no damage.
The orc barely misses you.
You completely miss the orc priest.
The orc priest looks encouraged for a moment.
The orc hits you with a +0 hand axe.
* * * LOW HITPOINT WARNING * * *
The orc hits you with a +0 club.
You die...

Action                   || total
-------------------------++-------
Melee: Spear             ||    76
  Use: Scroll            ||     4
       Potion            ||     4
 Stab: Sleeping          ||     1
Armor: Robe              ||    27
Dodge: Dodged            ||    32

Levels and vault maps discovered:
D:1:      ncdulo_wetmaze, layout_loops_ring, serial_forest,
          infiniplex_forest_clump_double, infiniplex_forest_lined_1,
          infiniplex_forest_lined_1, infiniplex_forest_zigzag_2,
          infiniplex_forest_lined_room_2, infiniplex_forest_zigzag_2
D:2:      layout_basic, shapermc_ecumenical_altar_mp_urbaneastern, uniq_sigmund
D:3:      layout_basic, kennysheep_generic_room_3, uniq_jessica, uniq_grinder,
          uniq_terence

Notes
Turn   | Place    | Note
-------+----------+-------------------------------------------
     0 | Abyss:1  | spiderkeys the Ogre Abyssal Knight began the quest for the
                  | Orb.
     0 | Abyss:1  | Reached XP level 1. HP: 24/24 MP: 2/2
     0 | Abyss:1  | magus.rc [v1.11.3]
     7 | Abyss:1  | Found a corrupted altar of Lugonu.
    76 | D:1      | You pass through the gate.
    76 | D:1      | Escaped the Abyss
   269 | D:1      | Reached XP level 2. HP: 30/32 MP: 3/3
  1206 | D:2      | Reached XP level 3. HP: 40/40 MP: 4/4
  1280 | D:2      | Noticed Sigmund
  1399 | D:3      | HP: 10/40 [orc/+0 club (1)]
  1408 | D:3      | HP: 1/40 [orc priest/divine providence (10)]
  1414 | D:3      | HP: 6/40 [orc/+0 club (2)]
  1419 | D:3      | HP: 9/40 [orc/+0 hand axe (6)]
  1422 | D:3      | HP: 4/40 [orc/+0 hand axe (3)]
  1422 | D:3      | Slain by an orc

Vanquished Creatures
  2 dart slugs
  2 ball pythons (D:1)
  3 bats (D:2)
  An endoplasm (D:1)
  2 giant cockroaches (D:1)
  3 goblins
  4 hobgoblins
  A quokka (D:1)
  A frilled lizard (D:2)
  3 kobolds
  A rat (D:2)
23 creatures vanquished.

Vanquished Creatures (others)
  A fungus (D:2)
  A plant (D:2)
2 creatures vanquished.

Grand Total: 25 creatures vanquished

Table legend:
 A = Non-vault XP
 B = Vault XP
 C = Vault XP percentage of total XP
 D = Non-vault monster count
 E = Vault monster count
 F = Vault count percentage of total count
                 A         B        C        D         E       F
            +---------+---------+-------+---------+---------+-------
      Total |      44 |       0 |   0.0 |      23 |       0 |   0.0
            +---------+---------+-------+---------+---------+-------
        D:1 |      26 |       0 |   0.0 |      13 |       0 |   0.0
        D:2 |      16 |       0 |   0.0 |       9 |       0 |   0.0
        D:3 |       2 |       0 |   0.0 |       1 |       0 |   0.0
            +---------+---------+-------+---------+---------+-------

Illustrated notes

Table legend:
 A = Kills in this place as a percentage of kills in entire the game.
 B = Kills by you in this place as a percentage of kills by you in the entire game.
 C = Kills by friends in this place as a percentage of kills by friends in the entire game.
 D = Other kills in this place as a percentage of other kills in the entire game.
 E = Experience gained in this place as a percentage of experience gained in the entire game.
 F = Experience gained in this place divided by the number of levels of this place that you have seen.
                   A       B       C       D       E      F
               +-------+-------+-------+-------+-------+----------------------
         Total | 100.0 | 100.0 |   N/A |   N/A | 100.0 |  11.0
       Dungeon | 100.0 | 100.0 |   N/A |   N/A | 100.0 |  14.7
               +-------+-------+-------+-------+-------+----------------------

Table legend: (Time is in decaauts)
 A = Elapsed time spent in this place.
 B = Non-inter-level travel time spent in this place.
 C = Inter-level travel time spent in this place.
 D = Time resting spent in this place.
 E = Time spent auto-exploring this place.
 F = Levels seen in this place.
 G = Mean time per level.
                   A        B        C        D        E       F      G
               +--------+--------+--------+--------+--------+-----+--------+
         Total |   1432 |   1415 |     17 |    100 |   1018 |   4 |  358.0 |
       Dungeon |   1356 |   1339 |     17 |    100 |   1018 |   3 |  452.0 |
         Abyss |     76 |     76 |      0 |      0 |      0 |   1 |   76.0 |
               +--------+--------+--------+--------+--------+-----+--------+

Top non-repeatable levels by time:
     D:1: 1074 daAuts
     D:2: 166 daAuts
     D:3: 114 daAuts
 Abyss:1: 76 daAuts
